 Dungeon Crawl Stone Soup version 0.26-a0-662-g8b9c6da (webtiles) character file.

Game seed: 15243929931308825935

65 Mopster the Grave Robber (level 3, 0/24 HPs)
             Began as a Demonspawn Necromancer on Oct 9, 2020.
             Shot with an arrow by a centaur (8 damage)
             ... on level 2 of the Dungeon.
             The game lasted 00:27:59 (1310 turns).

Mopster the Grave Robber (Demonspawn Necromancer)   Turns: 1310, Time: 00:28:00

Health: 0/24       AC:  5    Str:  8    XL:     3   Next: 92%
Magic:  7/7        EV: 10    Int: 17    God:
Gold:   98         SH:  0    Dex: 13    Spells: 7/8 levels left

rFire    . . .     SeeInvis .   l - +0 spear
rCold    . . .     Faith    .   (no shield)
rNeg     . . .     Spirit   .   g - +0 ring mail
rPois    .         Reflect  .   (no helmet)
rElec    .         Harm     .   (no cloak)
rCorr    .         Rampage  .   (no gloves)
MR       .....                  (no boots)
Stlth    +.........             (no amulet)
HPRegen  0.08/turn              (no ring)
MPRegen  0.10/turn              (no ring)

@: no status effects
A: hooves 1, demonic guardian 1
a: no special abilities


You were on level 2 of the Dungeon.
You visited 1 branch of the dungeon, and saw 2 of its levels.

You collected 98 gold pieces.

Inventory:

Hand Weapons
 b - a +0 mace
 d - a +0 dagger
 e - a +0 dagger
 f - a +0 club
 h - a +0 dagger
 i - a +0 club
 j - a +0 dagger
 l - a +0 spear (weapon)
Missiles
 c - 23 sling bullets
Armour
 a - a +0 robe {cunts}
 g - a +0 ring mail (worn)
Potions
 k - a potion of heal wounds


   Skills:
 + Level 1.9 Dodging
 + Level 2.1 Stealth
 + Level 3.0 Spellcasting
 + Level 5.1 Necromancy


You had 7 spell levels left.
You knew the following spells:

 Your Spells              Type           Power        Failure   Level
a - Pain                  Necr           ###.         6%          1

Your spell library contained the following spells:

 Spells                   Type           Power        Failure   Level
 Animate Skeleton         Necr           ###...       6%          1
 Vampiric Draining        Necr           ###.......   19%         3
 Animate Dead             Necr           ###.......   54%         4
 Agony                    Necr           ###.....     87%         5


Dungeon Overview and Level Annotations

Branches:
Dungeon (2/15)

Altars:


Innate Abilities, Weirdness & Mutations

You have large cloven feet.
A weak demonic guardian rushes to your aid.


Message History

Casting: Pain (safe; 6% risk of failure)
Confirm with . or Enter, or press ? or * to list all spells.
Aiming: Pain (safe; 6% risk of failure)
Press: ? - help, Shift-Dir - straight line, f/p - rat
Aim: a rat (moderately wounded, chance to defeat MR: 90%)
The rat writhes in agony.
You kill the rat!
You start resting.
Magic restored.
A centaur comes into view.
The centaur shouts!
The centaur wields a +0 shortbow.
The centaur shoots an arrow.
The arrow hits you!
The centaur shoots an arrow.
The arrow closely misses you.
You see here 2 arrows.
The centaur shoots an arrow.
The arrow barely misses you.
The centaur shoots an arrow.
The arrow hits you.
You see here an arrow.
The centaur shoots an arrow.
The arrow closely misses you.
The centaur shoots an arrow.
The arrow hits you!
You die...

*,*** *,* ##..## #....# #.#
,,,,***,* #..#.###.#..####.##
,,,,,,,,* #c#...##.#........###
,,*,***,* #(..#.##.##.##.......
,,,,,,,,* ###.#†##.....###...###
,,,,,,,,* #.##.###..#### ##.##
*,*,,*,,* #.##.<##..# #.#
*,*,,,,,* #....(.5..# #.#
*,***,,,* #####@##### ##'##
,,,,*,,,* #.# ##...## *****,,**
#.#** *#.....#* ≈≈≈≈≈,,* #.#,**
*#.......#
*****,,********#..,,***#.........
,,,,*,,,,,,,,,,...,,,,,+.........
*,***,,********...,,***#.........
*,*,,,,* *.##.** ##..>....#
*,*,,,,* *,**** ##.....##


You could see a centaur and a friendly shadow imp (summoned).

Vanquished Creatures
  4 adders (D:2)
  A worm (D:2)
  3 bats (D:1)
  3 goblins
  3 hobgoblins (D:1)
  3 jackals (D:2)
  3 frilled lizards
  5 kobolds
  3 rats
28 creatures vanquished.

Notes
Turn   | Place    | Note
-------+----------+-------------------------------------------
     0 | D:1      | Mopster the Demonspawn Necromancer began the quest for the
                  | Orb.
     0 | D:1      | Reached XP level 1. HP: 13/13 MP: 3/3
   320 | D:1      | Gained mutation: A weak demonic guardian rushes to your
                  | aid. [demonic ancestry]
   320 | D:1      | Reached XP level 2. HP: 15/19 MP: 0/5
   635 | D:2      | Gained mutation: You have large cloven feet. [demonic
                  | ancestry]
   635 | D:2      | Reached XP level 3. HP: 20/24 MP: 2/6
   859 | D:2      | Reached skill level 5 in Necromancy
  1305 | D:2      | Noticed a centaur
  1310 | D:2      | Shot with an arrow by a centaur

Illustrated notes

Levels and vault maps discovered:
D:1:      dpeg_arrival_rooms_b, layout_basic, feat_on_display
D:2:      layout_loops_corners, marbit_many_paths, grunt_decor_cap,
          hangedman_glass_teeth, uniq_natasha

Skill      XL: |  1  2  3 |
---------------+----------+-----
Stealth        | 2 |  2.1
Necromancy     | 5 |  5.1
Spellcasting   | 3 |  3.0
Dodging        | |  1.9

Action                   || total
-------------------------++-------
Melee: Club              ||     4
       Spear             ||     3
 Cast: Pain              ||    46
  Use: Scroll            ||     6
       Potion            ||     2
Armor: Ring mail         ||     6
Dodge: Dodged            ||    15

Table legend: (Time is in decaauts)
 A = Elapsed time spent in this place.
 B = Non-inter-level travel time spent in this place.
 C = Inter-level travel time spent in this place.
 D = Time resting spent in this place.
 E = Time spent auto-exploring this place.
 F = Levels seen in this place.
 G = Mean time per level.
                   A        B        C        D        E       F      G
               +--------+--------+--------+--------+--------+-----+--------+
         Total |   1309 |    860 |    449 |    514 |     28 |   2 |  654.5 |
       Dungeon |   1309 |    860 |    449 |    514 |     28 |   2 |  654.5 |
               +--------+--------+--------+--------+--------+-----+--------+

Top non-repeatable levels by time:
     D:2: 737 daAuts
     D:1: 572 daAuts
